 Dungeon Crawl Stone Soup version 0.27-a0-1149-g4505690ab0 (webtiles) character file.

Game seed: 13117639953896791839

415 Azzok the Chopper (level 6, 47/47 HPs)
             Began as a Demonspawn Berserker on May 14, 2021.
             Was a Believer of Trog.
             Quit the game on level 4 of the Dungeon.
             The game lasted 00:04:11 (4271 turns).

Azzok the Chopper (Demonspawn Berserker)            Turns: 4271, Time: 00:04:12

Health: 47/47      AC:  6    Str: 20    XL:     6   Next: 60%
Magic:  6/6        EV: 12    Int:  8    God:    Trog [**....]
Gold:   130        SH:  0    Dex: 18    Spells: 5/5 levels left

rFire    + . .     SeeInvis .   l - +0 war axe
rCold    . . .     Faith    .   (no shield)
rNeg     . . .     Spirit   .   f - +1 leather armour {rF+}
rPois    .         Reflect  .   s - +0 helmet
rElec    .         Harm     .   r - +0 cloak
rCorr    .         Rampage  .   (no gloves)
Will     .....                  (no boots)
Stlth    +.........             (no amulet)
HPRegen  0.15/turn              c - +6 ring of dexterity
MPRegen  0.10/turn              (no ring)

@: no status effects
A: hooves 1, ignite blood 1, sanguine armour 1
a: Renounce Religion, Berserk, Trog's Hand


You were on level 4 of the Dungeon.
You worshipped Trog.
Trog was pleased with you.
You visited 1 branch of the dungeon, and saw 4 of its levels.

You collected 208 gold pieces.
You spent 78 gold pieces at shops.

Inventory:

Hand Weapons
 a - a +0 hand axe
 l - a +0 war axe (weapon)
Armour
 f - a +1 leather armour of fire resistance (worn)
 r - a +0 cloak (worn)
 s - a +0 helmet (worn)
Jewellery
 c - a +6 ring of dexterity (left hand)
 g - a ring of ice
Wands
 k - a wand of flame (20)
 v - a wand of polymorph (7)
 w - a wand of acid (6)
Scrolls
 i - a scroll of enchant armour {unknown}
 j - 2 scrolls of immolation {unknown}
 m - 2 scrolls of enchant weapon {unknown}
 o - 2 scrolls of identify
 p - 2 scrolls of fear {unknown}
 q - a scroll of summoning {unknown}
 u - 3 scrolls of teleportation {unknown}
 y - a scroll of magic mapping {unknown}
 A - a scroll of blinking {unknown}
Potions
 b - 2 potions of haste
 d - a potion of invisibility {unknown}
 e - a potion of attraction {unknown}
 h - 3 potions of flight {unknown}
 n - a potion of mutation {unknown}
 t - a potion of heal wounds
 x - a potion of might {unknown}
 z - a potion of cancellation {unknown}
 B - a potion of lignification {unknown}


   Skills:
 - Level 3.0 Fighting
 + Level 6.9 Axes
 - Level 1.7 Armour
 - Level 1.7 Dodging


You had 5 spell levels left.
You didn't know any spells.
Your spell library was empty.

Dungeon Overview and Level Annotations

Branches:
Dungeon (4/15)             Temple (0/1) D:4

Altars:
Sif Muna

Shops:
D:2 (   D:3 ?


Innate Abilities, Weirdness & Mutations

You have large cloven feet.
Your demonic aura sometimes causes spilled blood to erupt in flames.
When seriously injured, your bleeding wounds create armour. (AC +0)


Message History

Trog accepts your kill.
Items here: )) [[ †††.
y - a scroll labelled ASHATW POUR You see here a +0 ring mail.
You open the door.
A quokka comes into view.
Found a staircase to the Ecumenical Temple.
A quokka is nearby!
A quokka is nearby!
There is an open door here.
The quokka barely misses you.
The quokka bites you but does no damage.
You hit the quokka.
You kill the quokka!
Trog accepts your kill.
You hit the plant.
The plant begins to die.
You hit the plant.
The plant begins to die.
There is a staircase to the Ecumenical Temple here.
A nearby plant withers and dies. x2
There is a staircase to the Ecumenical Temple here.
There is an open door here.
You see here a ball python skeleton.
You see here a +0 whip.
A - a scroll labelled OXOGUJEORI
p - 2 scrolls labelled UZOBIB JEDGH (gained 1)
Found 13 stones.
B - a bubbling yellow potion You see here 13 stones.
You see here 13 stones.
Found a ring mail.
You see here a +0 leather armour.
Found a stone staircase leading up.
There is a stone staircase leading up here.
There is a stone staircase leading up here.
There is a stone staircase leading up here.
There is a stone staircase leading up here.
There is a shaft here.
Done exploring.
Done exploring.
Are you sure you want to abandon this character and quit the game? (Confirm with "yes".)

▒▒ ▒· ▒▒▒▒▒▒ ▒▒·
▒·@··▒ ▒··
▒▒·▒·▒▒▒▒▒▒ ▒·▒
▒▒▒▒▒
▒········▒▒▒▒▒▒▒·▒
▒···▒
▒▒▒▒▒▒▒···········
▒···▒ ▒▒··▒▒▒▒▒▒·▒
▒···▒ ▒▒········▒
▒···▒▒▒▒▒
▒▒▒▒▒▒▒▒··
▒▒····▒·▒▒ ▒··▒
▒▒·▒·▒··▒ ▒▒·▒▒


There were no monsters in sight!

Vanquished Creatures
  A phantom (D:4)
  A scorpion (D:4)
  A gnoll shaman (D:4)
  Crazy Yiuf (D:2)
  A centaur skeleton (D:4)
  An orc wizard (D:4)
  Robin (D:2)
  3 gnolls (D:4)
  3 adders
  A shadow imp (D:4)
  A worm (D:2)
  2 dart slugs (D:1)
  8 orcs (D:4)
  7 ball pythons
  3 endoplasms
  2 giant cockroaches
  9 hobgoblins
  12 jackals
  2 quokkas (D:4)
  3 bats
  A frilled lizard (D:2)
  8 goblins
  4 kobolds
  A quokka skeleton (D:4)
  5 rats
82 creatures vanquished.

Vanquished Creatures (others)
  2 plants (D:4)
2 creatures vanquished.

Grand Total: 84 creatures vanquished

Notes
Turn   | Place    | Note
-------+----------+-------------------------------------------
     0 | D:1      | Azzok the Demonspawn Berserker began the quest for the Orb.
     0 | D:1      | Reached XP level 1. HP: 18/18 MP: 1/1
     6 | D:1      | Noticed a snapping turtle
     7 | D:1      | Noticed a swamp worm
     7 | D:1      | Noticed a polar bear
    34 | D:1      | Reached skill level 3 in Axes
   281 | D:1      | Gained mutation: When seriously injured, your bleeding
                  | wounds create armour. (AC +0) [demonic ancestry]
   281 | D:1      | Reached XP level 2. HP: 17/24 MP: 2/2
   880 | D:1      | Found a faded altar of an unknown god.
  1103 | D:2      | Reached XP level 3. HP: 29/29 MP: 3/3
  1135 | D:2      | Found Surchaa's Weapon Shoppe.
  1156 | D:2      | Noticed Robin
  1160 | D:2      | Reached skill level 4 in Axes
  1168 | D:2      | Killed Robin
  1210 | D:2      | Bought a +0 war axe for 42 gold pieces
  1272 | D:2      | Found a shimmering blue altar of Sif Muna.
  1573 | D:2      | Gained mutation: You have large cloven feet. [demonic
                  | ancestry]
  1573 | D:2      | Reached XP level 4. HP: 35/35 MP: 4/4
  1588 | D:2      | Reached ** piety under Trog
  2085 | D:2      | Found a runed translucent door.
  2086 | D:2      | Noticed Crazy Yiuf
  2092 | D:2      | Killed Crazy Yiuf
  2305 | D:3      | Reached skill level 5 in Axes
  2412 | D:3      | Found Koplifex's Magic Scroll Shop.
  2427 | D:3      | Bought a scroll of identify for 24 gold pieces
  2427 | D:3      | Bought a scroll of noise for 12 gold pieces
  3159 | D:4      | Gained mutation: Your demonic aura sometimes causes spilled
                  | blood to erupt in flames. [demonic ancestry]
  3159 | D:4      | Reached XP level 5. HP: 26/41 MP: 5/5
  3406 | D:4      | Reached skill level 6 in Axes
  3406 | D:4      | Reached XP level 6. HP: 33/47 MP: 6/6
  4077 | D:4      | Found a staircase to the Ecumenical Temple.
  4271 | D:4      | Quit the game

Illustrated notes

Levels and vault maps discovered:
D:1:      onia_arrival_zoo_common, layout_rooms,
          shapermc_ecumenical_altar_totnotflames
D:2:      minmay_diamond_boxcup, layout_basic, basic_altar, serial_shops,
          nicolae_shop_statue_plus, uniq_crazy_yiuf_cottage, uniq_robin
D:3:      layout_basic, serial_shops,
          nicolae_shop_temple_entry_statues_fountains
D:4:      layout_rooms, minmay_temple_entry_enclosed_plants

Skill      XL: |  1  2  3  4  5 |
---------------+----------------+-----
Axes           | 3 4 5 6 |  6.9
Fighting       | |  3.0
Armour         | |  1.7
Dodging        | |  1.7

Action                   |  1- 3 |  4- 6 || total
-------------------------+-------+-------++-------
Melee: Hand axe          |    70 |       ||    70
       War axe           |    13 |    97 ||   110
       Kick              |       |    30 ||    30
Invok: Berserk           |     1 |     3 ||     4
  Use: Scroll            |       |     2 ||     2
 Stab: Sleeping          |     2 |     2 ||     4
Armor: Animal skin       |    13 |       ||    13
       Leather armour    |    16 |    31 ||    47
Dodge: Dodged            |    51 |    65 ||   116

Table legend: (Time is in decaauts)
 A = Elapsed time spent in this place.
 B = Non-inter-level travel time spent in this place.
 C = Inter-level travel time spent in this place.
 D = Time resting spent in this place.
 E = Time spent auto-exploring this place.
 F = Levels seen in this place.
 G = Mean time per level.
                   A        B        C        D        E       F      G
               +--------+--------+--------+--------+--------+-----+--------+
         Total |   4337 |   4238 |     99 |    494 |   3209 |   4 | 1084.2 |
       Dungeon |   4337 |   4238 |     99 |    494 |   3209 |   4 | 1084.2 |
               +--------+--------+--------+--------+--------+-----+--------+

Top non-repeatable levels by time:
     D:2: 1219 daAuts
     D:4: 1199 daAuts
     D:1: 1095 daAuts
     D:3: 823 daAuts
